 Dungeon Crawl Stone Soup version 0.24.0-41-g2ae2f7f1be (webtiles) character file.

Game seed: 8205484352506261325, levelgen mode: deterministic

1114 Bombadil the Caller (level 8, -1/54 HPs)
             Began as a Vampire Summoner on Dec 13, 2019.
             Was an Initiate of Gozag.
             Slain by a troll (2 damage)
             ... on level 8 of the Dungeon.
             The game lasted 00:18:30 (7482 turns).

Bombadil the Caller (Vampire Summoner)              Turns: 7482, Time: 00:18:32

Health: -1/54      AC:  4    Str:  7      XL:     8   Next: 12%
Magic:  4/16       EV: 13    Int: 20      God:    Gozag
Gold:   383        SH:  0    Dex: 12 (14) Spells: 1/18 levels left

rFire    . . .     SeeInvis +   l - +1 whip (drain)
rCold    . . .     Gourm    .   (no shield)
rNeg     . . .     Faith    .   a - +0 robe
rPois    .         Spirit   .   (no helmet)
rElec    .         Reflect  .   (no cloak)
rCorr    .         Harm     .   n - +1 pair of gloves
MR       .....                  (no boots)
Stlth    +++.......             (no amulet)
HPRegen  0.38/turn              (no ring)
MPRegen  0.15/turn              (no ring)

@: regenerating quickly
A: no food, fangs 3, see invisible, unbreathing
a: Exsanguinate, Potion Petition, Call Merchant, Bribe Branch, Renounce Religion


You were on level 8 of the Dungeon.
You worshipped Gozag.
Gozag was aware of your devotion.
You were alive.

You visited 2 branches of the dungeon, and saw 8 of its levels.

You collected 445 gold pieces.
You paid 62 gold pieces to Gozag.

Inventory:

Hand Weapons
 c - a +0 club
 l - a +1 whip of draining (weapon)
Armour
 a - a +0 robe (worn)
 n - a +1 pair of gloves (worn)
Magical Staves
 t - an uncursed staff of conjuration
Wands
 j - a wand of iceblast (7)
Scrolls
 b - 3 scrolls of identify {unknown}
 d - 5 scrolls of fog {unknown}
 e - 4 scrolls of remove curse
 i - 2 scrolls of enchant weapon {unknown}
 k - a scroll of random uselessness {unknown}
 q - a scroll of immolation {unknown}
 r - 3 scrolls of teleportation {unknown}
 s - a scroll of fear {unknown}
 v - a scroll of magic mapping {unknown}
Potions
 f - 3 potions of curing {unknown}
 g - 2 potions of mutation {unknown}
 h - 3 potions of flight {unknown}
 m - a potion of lignification {unknown}
 o - a potion of might {unknown}
 p - a potion of haste {unknown}
 u - a potion of ambrosia {unknown}


   Skills:
 + Level 1.5 Fighting
 + Level 0.6 Maces & Flails
 + Level 3.9 Dodging
 + Level 4.5 Stealth
 + Level 5.7 Spellcasting
 + Level 1.0 Hexes
 + Level 6.8 Summonings
 + Level 1.6 Air Magic


You had one spell level left.
You knew the following spells:

 Your Spells              Type           Power        Failure   Level  Hunger
a - Summon Small Mammal   Summ           ####         1%          1    N/A
b - Call Imp              Summ           ####....     1%          2    N/A
c - Call Canine Familiar  Summ           ####....     1%          3    N/A
d - Summon Guardian Gole  Hex/Summ       ###.....     6%          3    N/A
e - Summon Ice Beast      Ice/Summ       ###.....     26%         4    N/A
f - Summon Lightning Spi  Summ/Air       ###.....     19%         4    N/A

Your spell library contained the following spells:

 Spells                   Type           Power        Failure   Level  Hunger
 Bolt of Magma            Conj/Fire/Erth #.........   96%         5    N/A
 Iskenderun's Battlesphe  Conj/Chrm      #.......     96%         5    N/A
 Venom Bolt               Conj/Pois      #.........   96%         5    N/A
 Iron Shot                Conj/Erth      #.........   100%        6    N/A
 Orb of Destruction       Conj           #.........   100%        7    N/A
 Spellforged Servitor     Conj/Summ      ###.......   100%        7    N/A

Dungeon Overview and Level Annotations

Branches:
Dungeon (8/15)             Temple (1/1) D:4            Lair (0/6) D:8

Altars:
Ashenzari
Cheibriados
Dithmenos
Elyvilon
Fedhas
Gozag
Hepliaklqana
Kikubaaqudgha
Makhleb
Nemelex Xobeh
Okawaru
Qazlal
Ru
Sif Muna
Trog
Uskayaw
Vehumet
Wu Jian
Yredelemnul
Zin
The Shining One


Innate Abilities, Weirdness & Mutations

You do not eat.
Your natural rate of healing is unusually fast.
You have razor-sharp teeth.
You have supernaturally acute eyesight. (SInv)
You can survive without breathing.


Message History

Unknown command.
Unknown command.
You hit the troll but do no damage. You drain the troll.
The troll is severely wounded.
The troll bites you.
* * * LOW HITPOINT WARNING * * *
The troll barely misses you. The troll claws you.
* * * LOW HITPOINT WARNING * * *
The ice beast misses you.
You hit the troll but do no damage. You bite the troll, but do no damage.
The troll is severely wounded.
The troll completely misses you. The troll misses you.
The troll claws you but does no damage. The ice beast closely misses you.
You hit the troll but do no damage.
The troll is heavily wounded.
The troll bites you!
* * * LOW HITPOINT WARNING * * *
The troll closely misses you. The troll claws you.
You die...
Your body crumbles into a pile of gold.

###### #....### #......#
### #......# ###
####.####......# #.#
.....##.#..$$..#########.#
####.##.#......#.........#
.......>#......#T#######.#
####....#......Y@# #.#
...............### #.#
...............# #.#
≈..≈≈.≈.≈......# #.#
≈.≈≈≈.≈.≈≈.....#########.##
≈≈≈≈≈.≈.≈≈≈≈.#.##.........#
.≈≈≈≈.≈≈≈≈≈.......#########
..≈≈≈[≈≈≈≈≈.........[....#
≈≈≈≈≈.≈≈≈≈$..............#


You could see a troll and an ice beast.

Vanquished Creatures
  A hippogriff (D:7)
  A howler monkey (D:7)
  An orc wizard (D:3)
  A bullfrog skeleton (D:4)
  2 worker ants (D:4)
  A worm (D:4)
  A dart slug (D:4)
  A leopard gecko (D:5)
  An orc (D:5)
  A bat (D:3)
  A giant cockroach (D:3)
  3 hobgoblins
  A quokka (D:3)
  A kobold (D:3)
  4 rats (D:3)
21 creatures vanquished.

Vanquished Creatures (collateral kills)
  A spriggan (D:7)
  A wraith (D:8)
  A sky beast (D:7)
  2 orc warriors
  3 wolves (D:8)
  An ogre (D:4)
  4 wights (D:8)
  An electric eel (D:8)
  2 howler monkeys (D:7)
  2 quasits
  5 hounds
  An orc priest (D:7)
  A jelly (D:7)
  An iguana (D:7)
  2 orc wizards
  A worker ant (D:5)
  A howler monkey zombie (D:7)
  5 adders
  An ooze (D:1)
  4 worms
  3 leopard geckos
  10 orcs
  A bat zombie (D:1)
  5 giant cockroaches
  6 goblins
  5 hobgoblins
  7 jackals
  7 kobolds
  A quokka (D:2)
  2 ball pythons
  8 bats
  A frilled lizard (D:2)
  A giant cockroach zombie (D:1)
  4 rats
101 creatures vanquished.

Vanquished Creatures (others)
  A centaur zombie (D:8)
1 creature vanquished.

Grand Total: 123 creatures vanquished

Notes
Turn   | Place    | Note
-------+----------+-------------------------------------------
     0 | D:1      | Bombadil the Vampire Summoner began the quest for the Orb.
     0 | D:1      | Reached XP level 1. HP: 13/13 MP: 3/3
   237 | D:1      | Found a glowing golden altar of the Shining One.
   634 | D:1      | Reached XP level 2. HP: 19/19 MP: 1/5
   639 | D:1      | Learned a level 2 spell: Call Imp
  1997 | D:2      | Reached XP level 3. HP: 24/24 MP: 1/6
  2012 | D:2      | Learned a level 3 spell: Call Canine Familiar
  2183 | D:2      | Found a hide-covered altar of Uskayaw.
  2778 | D:3      | Reached XP level 4. HP: 27/30 MP: 5/8
  3168 | D:4      | Found a staircase to the Ecumenical Temple.
  3218 | Temple   | Entered the Ecumenical Temple
  3474 | D:4      | Reached skill level 5 in Summonings
  3673 | D:4      | Found an opulent altar of Gozag.
  3684 | D:4      | Became a worshipper of Gozag Ym Sagoz the Greedy
  3852 | D:4      | Found a radiant altar of Vehumet.
  3860 | D:4      | Reached XP level 5. HP: 35/35 MP: 5/9
  3866 | D:4      | Learned a level 3 spell: Summon Guardian Golem
  3868 | D:4      | Found a stormy altar of Qazlal.
  3871 | D:4      | Found a sacrificial altar of Ru.
  4057 | D:4      | Noticed an ogre
  4067 | D:4      | Killed an ogre
  4543 | D:5      | Entered Level 5 of the Dungeon
  4639 | D:5      | Noticed a phantom
  4681 | D:5      | You fall into a shaft and drop 2 floors!
  4681 | D:7      | Found a hazy altar of Hepliaklqana.
  4790 | D:7      | Reached XP level 6. HP: 34/42 MP: 5/11
  4845 | D:7      | Noticed a sky beast
  4877 | D:7      | Killed a sky beast
  4990 | D:7      | Noticed an orc warrior
  5023 | D:7      | Learned a level 4 spell: Summon Lightning Spire
  5072 | D:7      | Noticed a spriggan baker
  5084 | D:7      | Killed a spriggan baker
  5148 | D:7      | Reached skill level 6 in Summonings
  5150 | D:7      | Reached skill level 1 in Fighting
  5327 | D:7      | Found a shadowy altar of Dithmenos.
  5338 | D:7      | Reached XP level 7. HP: 39/48 MP: 10/13
  5414 | D:7      | Found a white marble altar of Elyvilon.
  5430 | D:7      | Noticed a hippogriff
  5447 | D:7      | Killed a hippogriff
  5687 | D:7      | Reached skill level 1 in Hexes
  6377 | D:8      | Noticed a troll
  6384 | D:8      | Reached skill level 5 in Spellcasting
  6404 | D:8      | Reached skill level 1 in Air Magic
  6629 | D:8      | Noticed a wraith
  6646 | D:8      | Killed a wraith
  6646 | D:8      | Reached XP level 8. HP: 31/54 MP: 7/16
  6658 | D:8      | Learned a level 4 spell: Summon Ice Beast
  7276 | D:8      | Found a staircase to the Lair.
  7374 | D:8      | HP: 1/54 [electric eel/bolt of electricity (10)]
  7482 | D:8      | HP: 1/54 [troll (14)]
  7482 | D:8      | Slain by a troll

Levels and vault maps discovered:
D:1:      saegor_arrival_fortress, layout_loops_ring, tso_metal_star
D:2:      layout_basic, eat_drink_and_be_merry_uskayaw
D:3:      layout_loops_ring
D:4:      layout_loops_ring, minmay_overflow_temple_star_quad,
          grunt_gozag_breadcrumbs, minmay_temple_entry_overgrown
D:5:      layout_loops_corners, first_ration, serial_shops,
          nicolae_shop_behind_doors, minmay_fractal_squares_gapless_5
D:7:      layout_basic, kennysheep_mini_moat, overflow_temple_1_default,
          basic_altar, the_bakery
D:8:      layout_basic, erik_lair_island, lemuel_old_faithful
Temple:   oiseaux_autumnal_temple

Skill      XL: |  1  2  3  4  5  6  7 |
---------------+----------------------+-----
Spellcasting   | 3 4 5 |  5.7
Summonings     | 5 6 |  6.8
Dodging        | 3 |  3.9
Stealth        | 4 |  4.5
Fighting       | 1 |  1.5
Hexes          | 1 |  1.0
Air Magic      | 1 |  1.6
Maces & Flails | |  0.6

Action                   |  1- 3 |  4- 6 |  7- 9 || total
-------------------------+-------+-------+-------++-------
Melee: Whip              |    29 |    66 |    21 ||   116
       Bite              |     3 |     2 |     2 ||     7
 Cast: Summon Small Mamm |    35 |     1 |     1 ||    37
       Call Imp          |    47 |    10 |     5 ||    62
       Call Canine Famil |       |    21 |    16 ||    37
       Summon Guardian G |       |     3 |       ||     3
       Summon Lightning  |       |     2 |    15 ||    17
Invok: Potion Petition   |       |       |     1 ||     1
 Abil: Exsanguinate      |       |     1 |       ||     1
  Use: Scroll            |     1 |       |       ||     1
 Stab: Sleeping          |     1 |     2 |       ||     3
       Distracted        |       |     2 |       ||     2
       Invisible         |       |       |     2 ||     2
Armor: Robe              |    30 |    25 |     5 ||    60
Dodge: Dodged            |   115 |    57 |    31 ||   203
